 Dungeon Crawl Stone Soup version 0.29.1-2-gbd0b4ee654 (webtiles) character file.

Game seed: 523538851879661664

80 DildoBatman the Conjurer (level 4, -5/33 HPs)
             Began as a Formicid Conjurer on Dec 1, 2022.
             Killed by divine providence
             ... invoked by an orc priest
              (10 damage)
             ... on level 3 of the Dungeon.
             The game lasted 00:03:22 (1839 turns).

DildoBatman the Conjurer (Formicid Conjurer)        Turns: 1839, Time: 00:03:23

Health: -5/33      AC:  3    Str: 12    XL:     4   Next: 65%
Magic:  13/17      EV: 12    Int: 25    God:
Gold:   122        SH:  0    Dex: 12    Spells: 6/9 levels left

rFire   . . .      SeeInvis +   w - +2 dagger (venom)
rCold   . . .      Faith    .   (no shield)
rNeg    . . .      Spirit   .   a - +0 robe
rPois   .          Reflect  .   (helmet unavailable)
rElec   .          Harm     .   o - +0 cloak
rCorr   .          Rampage  .   (no gloves)
Will    .....                   (no boots)
Stlth   ++........              r - amulet of regeneration
HPRegen 0.91/turn               n - ring of magical power
MPRegen 0.15/turn               B - +6 ring of intelligence

@: no status effects
A: permanent stasis, dig shafts and tunnels, antennae 3, four strong arms
a: Dig, Shaft Self


You were on level 3 of the Dungeon.
You visited 1 branch of the dungeon, and saw 3 of its levels.

You collected 122 gold pieces.

Inventory:

Hand Weapons
 d - a +0 spear
 h - a +3 short sword
 w - a +2 dagger of venom (weapon)
 A - a +0 sling
Missiles
 c - 14 stones
Armour
 a - a +0 robe (worn)
 o - a +0 cloak (worn)
Jewellery
 f - a ring of protection from fire
 l - a ring of protection from cold
 n - a ring of magical power (left hand)
 r - an amulet of regeneration (around neck)
 B - a +6 ring of intelligence (right hand)
Wands
 v - a wand of flame (14)
Scrolls
 g - a scroll of vulnerability {unknown}
 i - a scroll of enchant weapon {unknown}
 s - a scroll of blinking {unknown}
 t - 2 scrolls of identify {unknown}
 u - 2 scrolls of magic mapping {unknown}
 y - 3 scrolls of butterflies {unknown}
 z - a scroll of silence {unknown}
Potions
 b - a potion of magic
 e - a potion of ambrosia {unknown}
 j - a potion of haste {unknown}
 k - 4 potions of lignification {unknown}
 m - a potion of mutation {unknown}
 p - 2 potions of curing {unknown}
 q - a potion of might {unknown}
 x - a potion of invisibility {unknown}


   Skills:
 * Level 1.8 Fighting
 * Level 1.6 Armour
 - Level 2.0 Dodging
 - Level 2.4 Stealth
 * Level 3.0 Spellcasting
 * Level 4.0 Conjurations


You had 6 spell levels left.
You knew the following spells:

 Your Spells              Type           Power      Damage    Failure   Level
a - Searing Ray           Conj           48%        2d6       2%          2
c - Magic Dart            Conj           96%        1d7       1%          1

Your spell library contained the following spells:

 Spells                   Type           Power      Damage    Failure   Level
 Dazzling Flash           Conj/Hex       28%        N/A       13%         3
 Fulminant Prism          Conj/Hex       7%         3d7       41%         4
 Iskenderun's Mystic Bla  Conj/Tloc      14%        2d5       41%         4


Dungeon Overview and Level Annotations

Branches:
Dungeon (3/15)

Altars:


Innate Abilities, Weirdness & Mutations

You cannot be hasted, slowed, berserked, paralysed or teleported.
You can dig through walls and to a lower floor.
You have a pair of large antennae on your head. (SInv)
Your four strong arms can wield two-handed weapons with a shield.


Message History

The orc hits you but does no damage.
The orc priest looks encouraged for a moment.
The orc attacks as you move away! The orc hits you with a +0 short sword.
You hit the orc.
The orc is poisoned.
The orc is moderately wounded.
You kill the orc!
The orc barely misses you.
Your Spellcasting skill increases to level 3!
You hit the orc.
You kill the orc!
You hit the orc.
The orc is heavily wounded.
The orc hits you with a +0 hand axe!
You barely miss the orc.
The orc is heavily wounded.
The orc hits you with a +0 hand axe!
Casting: Magic Dart (safe; 1% risk of failure)
Confirm with . or Enter, or press ? or * to list all spells.
Aiming: Searing Ray (safe; 3% risk of failure)
Press: ? - help, Shift-Dir - straight line, f - orc priest
Aim: an orc priest, wielding a +0 mace (79% to hit)
The searing ray hits the orc.
You kill the orc!
The searing ray hits the orc priest.
The orc priest is moderately wounded. (Press . to maintain the ray.)
The searing ray hits the orc.
The orc is moderately wounded.
The searing ray hits the orc priest.
The orc priest is heavily wounded.
The orc hits you with a +0 flail!
The searing ray hits the orc but does no damage.
The orc is moderately wounded.
The searing ray hits the orc priest.
The orc priest is almost dead.
The orc priest invokes the aid of Beogh against you.
Beogh smites you!
You die...

####.############
......oo@......>#
####.#.###......#
#$ #......# #.
#......# #.
#......# #.
#......# #o
#......# #+
#......# {
#......#########


You could see an orc priest and an orc.

Vanquished Creatures
  An adder (D:2)
  2 worms (D:2)
  3 dart slugs
  3 orcs (D:3)
  5 bats
  2 endoplasms
  2 giant cockroaches (D:1)
  4 goblins
  6 hobgoblins
  5 jackals
  3 quokkas
  2 ball pythons
  4 frilled lizards
  3 kobolds (D:1)
  6 rats
51 creatures vanquished.

Notes
Turn   | Place    | Note
-------+----------+-------------------------------------------
     0 | D:1      | DildoBatman the Formicid Conjurer began the quest for the
                  | Orb.
     0 | D:1      | Reached XP level 1. HP: 13/13 MP: 3/3
   116 | D:1      | Found a faded altar of an unknown god.
   238 | D:1      | Reached XP level 2. HP: 20/20 MP: 5/5
   241 | D:1      | Learned a level 2 spell: Searing Ray
   479 | D:1      | Reached skill level 1 in Fighting
   578 | D:1      | Reached XP level 3. HP: 21/26 MP: 6/6
   581 | D:1      | Reached skill level 1 in Armour
  1262 | D:2      | Reached XP level 4. HP: 32/32 MP: 8/8
  1321 | D:2      | Reached skill level 4 in Conjurations
  1839 | D:3      | Killed from afar by an orc priest

Illustrated notes

Levels and vault maps discovered:
D:1:      minmay_arrival_jagged, layout_loops_corners,
          hellmonk_ecumenical_altar_arch_garden
D:2:      layout_loops_ring, minmay_misc_feat_ornament
D:3:      layout_basic, minmay_vboxes

Skill      XL: |  1  2  3  4 |
---------------+-------------+-----
Dodging        | 2 |  2.0
Fighting       | 1 |  1.8
Armour         | 1 |  1.6
Conjurations   | 4 |  4.0
Spellcasting   | 3 |  3.0
Stealth        | |  2.4

Action                   |  1- 3 |  4- 6 || total
-------------------------+-------+-------++-------
Melee: Spear             |     7 |       ||     7
       Short sword       |    59 |       ||    59
       Punch             |     1 |       ||     1
       Dagger            |       |    39 ||    39
 Cast: Magic Dart        |    20 |     5 ||    25
       Searing Ray       |     2 |     1 ||     3
 Stab: Sleeping          |     3 |     3 ||     6
Armor: Robe              |    26 |     6 ||    32
Dodge: Dodged            |    65 |    16 ||    81
